Map: Apotheosis LE

Players

JonSnow

  • Race: Zerg Zerg
  • League: Grandmaster

EJK - Winner!

  • Race: Terran Terran
  • League: Grandmaster

VOD

Have the link to the VOD?

Description

Time

  • Played on: Sept. 5, 2016, 4:33 p.m.
  • Length: 13:13
Show
View Real Time Build Order
Export as new Build Order

JonSnow Zerg 

Build Orders: Hatch First 

Get SALT Encoding   

  12  0:01  Drone  
  13  0:13  Overlord  
  13  0:22  Drone  
  14  0:35  Drone x3  
  17  0:54  Hatchery  
  16  0:59  Drone  
  17  1:08  Extractor  
  16  1:12  Drone x2  
  18  1:19  Spawning Pool  
  17  1:28  Drone  
  17  1:29  Overlord  
  18  1:46  Drone  
  19  2:06  Queen x2  
  19  2:07  Zergling x6  
  26  2:11  Drone  
  27  2:16  Metabolic Boost  
  27  2:20  Drone  
  28  2:23  Drone  
  29  2:37  Spore Crawler  
  29  2:40  Spore Crawler  
  29  2:43  Extractor  
  26  2:45  Queen  
  26  2:50  Queen  
  33  2:57  Drone x3  
  36  3:07  Overlord  
  36  3:13  Overlord  
  36  3:14  Overlord  
  36  3:21  Overlord  
  35  3:30  Queen  
  37  3:34  Drone x6  
  37  3:35  Drone  
  44  3:45  Drone x2  
  46  3:54  Lair  
  46  3:59  Hatchery  
  45  4:02  Extractor  
  45  4:07  Spine Crawler, Drone x2  
  45  4:12  Drone x2  
  45  4:14  Zergling x2  
  45  4:16  Zergling x2  
  49  4:19  Zergling x2  
  49  4:21  Drone  
  49  4:22  Drone  
  52  4:25  Drone x2  
  54  4:32  Extractor  
  54  4:33  Drone  
  54  4:34  Drone x2, Extractor  
  54  4:37  Drone  
  54  4:38  Drone  
  57  4:48  Overlord  
  57  4:49  Drone x3  
  60  4:53  Evolution Chamber  
  60  4:57  Roach Warren  
  60  4:59  Drone x2  
  60  5:06  Spire  
  59  5:09  Drone  
  59  5:10  Drone  
  59  5:11  Drone  
  62  5:22  Overlord, Zerg Missile Weapons Level 1  
  62  5:29  Overseer  
  62  5:31  Drone  
  62  5:32  Drone x6  
  69  5:36  Overlord  
  69  5:37  Overlord  
  69  5:41  Roach  
  75  5:50  Roach x3  
  77  5:57  Overlord  
  77  6:04  Overlord  
  76  6:06  Drone x7, Extractor x2  
  81  6:19  Overlord  
  81  6:22  Mutalisk x6  
  93  6:26  Roach  
  93  6:27  Roach  
  93  6:29  Roach  
  93  6:31  Ravager  
  100  6:33  Zergling x6  
  100  6:38  Roach x2  
  107  6:44  Overlord  
  109  6:47  Roach x3  
  109  6:49  Overlord x2  
  109  6:52  Roach  
  109  6:53  Roach  
  111  7:03  Roach x4  
  114  7:25  Hatchery  
  114  7:26  Glial Reconstitution  
  114  7:28  Infestation Pit  
  112  7:31  Hydralisk Den, Drone x2  
  112  7:32  Drone x6  
  119  7:43  Overlord x2  
  119  7:44  Hatchery  
  119  7:48  Zerg Missile Weapons Level 2  
  118  7:55  Roach x3  
  124  8:04  Hive  
  124  8:16  Muscular Augments  
  124  8:19  Ravager  
  125  8:21  Hatchery  
  125  8:22  Hydralisk  
  125  8:25  Hydralisk  
  129  8:28  Zergling x2  
  129  8:29  Zergling x12  
  129  8:38  Hydralisk x2  
  129  8:39  Hydralisk  
  131  8:48  Overlord x2  
  127  8:58  Zergling x8  
  130  9:05  Zergling x2  
  130  9:07  Hatchery  
  126  9:11  Zergling x2  
  126  9:12  Zergling x14  
  126  9:13  Zergling x2  
  135  9:17  Overlord  
  135  9:22  Viper x3  
  123  9:39  Hatchery  
  123  9:42  Hydralisk x4  
  130  9:47  Viper  
  130  9:49  Drone x2  
  130  9:50  Drone  
  136  9:54  Drone x3  
  139  10:08  Overlord  
  139  10:12  Ravager x6  
  139  10:13  Ravager  
  146  10:19  Roach x2  
  146  10:20  Roach  
  129  10:29  Hydralisk  
  129  10:30  Hydralisk x2  
  128  10:37  Drone  
  128  10:38  Drone x5  
  134  10:43  Hydralisk x2  
  138  10:54  Roach x7  
  138  10:56  Extractor  
  151  10:57  Drone x3  
  151  10:59  Extractor  
  153  11:07  Spore Crawler  
  152  11:15  Hatchery  
  152  11:18  Roach x5  
  161  11:25  Overseer  
  161  11:27  Drone x5  
  161  11:28  Drone  
  167  11:35  Greater Spire  
  141  11:48  Roach x8  
  122  11:55  Hydralisk x2  
  115  12:02  Roach x2  
  113  12:09  Hydralisk x3  
  116  12:18  Drone x5  
  119  12:43  Overlord x3  
  119  12:52  Overlord x2  
Show
View Real Time Build Order
Export as new Build Order

EJK Terran - Winner!

Build Orders: Hellion Opening, Reaper Expand 

Get SALT Encoding   

  12  0:00  SCV  
  13  0:12  SCV  
  14  0:17  Supply Depot  
  14  0:25  SCV  
  15  0:31  Refinery  
  15  0:39  SCV  
  16  0:45  Barracks  
  16  0:51  SCV  
  17  1:03  SCV  
  18  1:15  SCV  
  19  1:32  Orbital Command  
  19  1:33  Reaper  
  20  1:45  Command Center  
  20  1:59  Factory  
  21  2:01  SCV  
  21  2:12  Barracks Reactor  
  21  2:13  SCV  
  22  2:16  Supply Depot  
  22  2:20  Refinery  
  22  2:25  SCV  
  23  2:37  SCV  
  24  2:45  Factory  
  24  2:54  SCV  
  24  2:56  Orbital Command  
  25  3:00  Hellion  
  25  3:01  Hellion  
  29  3:06  SCV  
  30  3:13  Barracks Tech Lab  
  30  3:22  Hellion x2  
  34  3:28  SCV x2  
  34  3:34  Supply Depot  
  36  3:40  Cyclone  
  40  3:44  Barracks Tech Lab  
  40  3:45  Factory  
  40  3:47  SCV  
  41  3:49  SCV  
  43  3:55  Hellion  
  43  3:57  Hellion  
  43  4:00  SCV  
  43  4:01  SCV  
  47  4:05  Supply Depot  
  47  4:15  Cyclone  
  47  4:16  SCV  
  47  4:17  SCV  
  53  4:23  Mag-Field Accelerator  
  53  4:29  SCV x2  
  55  4:36  Cyclone  
  61  4:41  Supply Depot  
  61  4:42  Refinery  
  61  4:43  SCV  
  62  4:54  SCV  
  62  4:55  SCV  
  62  4:59  Command Center  
  62  5:01  Supply Depot  
  62  5:02  Supply Depot  
  62  5:08  Supply Depot  
  62  5:13  Cyclone, SCV x2  
  68  5:20  Hellion  
  70  5:24  Cyclone, Hellion  
  70  5:25  SCV x2  
  70  5:27  Barracks Reactor  
  70  5:28  Starport  
  78  5:34  Armory  
  78  5:39  SCV x2, Refinery  
  78  5:42  Supply Depot  
  80  5:51  Cyclone  
  80  5:53  Hellion  
  86  6:03  Cyclone, SCV x2, Hellion  
  94  6:07  Supply Depot  
  94  6:09  Supply Depot  
  94  6:12  Orbital Command  
  94  6:21  Barracks Tech Lab  
  94  6:22  Terran Ship Weapons Level 1  
  94  6:24  Cyclone  
  94  6:25  SCV x2  
  100  6:32  Hellion x2  
  104  6:35  Cyclone  
  108  6:48  Starport  
  108  6:49  Starport  
  108  6:50  SCV x2  
  110  6:56  Barracks Tech Lab  
  110  6:57  Orbital Command  
  112  7:08  Cyclone x2  
  112  7:12  Hellion x2  
  120  7:23  Liberator, SCV x3  
  120  7:24  Liberator  
  120  7:27  Engineering Bay  
  123  7:33  Refinery  
  123  7:34  Refinery  
  123  7:35  SCV x2  
  125  7:38  Supply Depot  
  125  7:41  SCV  
  132  7:47  SCV  
  133  7:59  SCV x3  
  133  8:00  Hellion x2  
  140  8:11  Supply Depot  
  140  8:12  Supply Depot  
  140  8:13  Supply Depot  
  140  8:18  Command Center  
  140  8:19  Barracks Reactor  
  140  8:20  Fusion Core  
  140  8:21  Liberator  
  140  8:22  Liberator  
  140  8:23  Starport  
  140  8:33  Cyclone x2, Hellion x2  
  154  8:43  Missile Turret x2  
  154  8:44  Missile Turret  
  154  8:57  Supply Depot  
  154  8:58  Supply Depot  
  146  9:08  Liberator x2, SCV x3  
  134  9:25  Advanced Ballistics  
  134  9:27  Cyclone x2, Hellion  
  134  9:28  Hellion  
  135  9:50  Hellion x2  
  135  9:51  Viking, Liberator x2, Command Center  
  141  9:53  Terran Vehicle And Ship Armor Level 1, Refinery x2  
  141  9:56  SCV x3  
  141  9:58  Sensor Tower  
  144  10:02  Planetary Fortress  
  144  10:08  SCV x3  
  151  10:19  Cyclone  
  151  10:20  Cyclone  
  153  10:21  Hellion x2  
  153  10:22  Infernal Pre-Igniter  
  149  10:40  Viking x2  
  153  10:43  Hellion x2  
  153  10:45  Missile Turret  
  157  10:52  Cyclone x2  
  165  10:59  Factory  
  165  11:00  Factory  
  165  11:06  Command Center  
  165  11:07  Armory  
  165  11:14  Hellion x2  
  169  11:24  Cyclone x2  
  177  11:32  Viking x2  
  177  11:33  Viking x2  
  155  11:51  Hellion x2  
  155  11:53  Factory Reactor  
  155  11:54  Factory Tech Lab  
  136  11:56  Cyclone x2  
  136  12:04  Liberator x2  
  136  12:12  Banshee x2  
  139  12:20  Cyclone  
  146  12:27  Hellion x2  
  146  12:28  Cyclone x2  
  152  12:57  Missile Turret, Refinery  
  168  12:59  Sensor Tower  
  168  13:00  Refinery  
Tags
 
Add a new tag
Caveats
  • Supply blocks, unpowered buildings, or Contaminate may cause inaccurate times.
  • Supply counts are checked every 10 seconds.